 Dungeon Crawl Stone Soup version 0.29-a0-330-g52719c12eb (webtiles) character file.

Game seed: 9133167543952226635

43 Ajdolov the Ruffian (level 3, 0/11 (20) HPs)
             Began as a Vine Stalker Fighter on Apr 21, 2022.
             Slain by an orc
             ... wielding a +2 dagger of draining
              (1 damage)
             ... on level 4 of the Dungeon.
             The game lasted 00:01:09 (1061 turns).

Ajdolov the Ruffian (Vine Stalker Fighter)          Turns: 1061, Time: 00:01:09

HP:   0/11 (20)     AC:  6    Str: 17 (20) XL:     3   Next: 58%
MP:   0/4           EV:  8    Int:  5 (8)  God:
Gold: 36            SH:  4    Dex: 12 (13) Spells: 2/2 levels left

rFire   . . .      SeeInvis .     - Unarmed
rCold   . . .      Faith    .   b - +0 buckler
rNeg    . . .      Spirit   +   a - +0 scale mail
rPois   .          Reflect  .   (no helmet)
rElec   .          Harm     .   (no cloak)
rCorr   .          Rampage  .   (no gloves)
Will    .....                   (no boots)
Stlth   ..........              (no amulet)
HPRegen 0.03/turn               (no ring)
MPRegen 0.09/turn               (no ring)

@: hasted, very heavily drained, very quick
A: fangs 2, magic shield, antimagic bite, no potion heal 2
a: no special abilities


You were on level 4 of the Dungeon.
You visited 1 branch of the dungeon, and saw 3 of its levels.

You collected 36 gold pieces.

Inventory:

Armour
 a - a +0 scale mail (worn)
 b - a +0 buckler (worn)
Scrolls
 d - 2 scrolls of identify {unknown}
 g - a scroll of fog {unknown}
 h - a scroll of amnesia {unknown}
 i - a scroll of teleportation {unknown}
 j - a scroll of blinking {unknown}
 k - a scroll of noise {unknown}
Potions
 c - a potion of might


   Skills:
 + Level 3.2 Fighting
 - Level 2.4 Armour
 - Level 2.6 Shields
 * Level 3.3 Unarmed Combat


You had 2 spell levels left.
You didn't know any spells.
Your spell library contained the following spells:

 Spells                   Type           Power      Damage    Failure   Level
 Ignite Poison            Fire/Tmut/Pois 0%         N/A       100%        3
 Mephitic Cloud           Conj/Pois/Air  0%         N/A       100%        3
 Freezing Cloud           Conj/Ice/Air   0%         6-21      100%        5


Dungeon Overview and Level Annotations

Branches:
Dungeon (2/15)

Altars:


Innate Abilities, Weirdness & Mutations

You have extremely sharp teeth.
When hurt, damage is shared between your health and your magic reserves.
Your bite disrupts and absorbs the magic of your enemies.
Potions cannot restore your health.


Message History

The orc wizard casts a spell at you. The puff of flame hits you!
You closely miss the orc wizard.
You bite the orc wizard, but do no damage.
The orc wizard is severely wounded.
The orc barely misses you. You block the orc wizard's attack.
You barely miss the orc wizard.
The orc wizard is heavily wounded.
The orc hits you but does no damage.
You feel drained. The orc wizard casts a spell at you. The magic dart hits you.
You hit the orc wizard but do no damage.
The orc wizard is heavily wounded.
The orc hits you but does no damage.
You feel drained.
The orc wizard hits you but does no damage.
Unknown command.
You closely miss the orc wizard.
The orc wizard is heavily wounded.
You block the orc's attack.
The orc wizard hits you but does no damage.
You hit the orc wizard but do no damage.
The orc wizard is heavily wounded.
The orc hits you with a +2 dagger of draining.
* * * LOW HITPOINT WARNING * * *
You feel drained.
The orc wizard hits you with a +0 dagger.
* * * LOW HITPOINT WARNING * * *
It was a potion of haste.
You feel yourself speed up. The orc hits you but does no damage.
You feel drained.
The orc wizard hits you with a +0 dagger.
It was a potion of degeneration.
There was something very wrong with that liquid.
You feel weakened.
You feel dopey.
You feel clumsy. The orc hits you but does no damage.
You feel drained.
The orc wizard hits you but does no damage.
It was a potion of curing.
That felt strangely inert.
You closely miss the orc wizard.
The orc wizard is heavily wounded.
The orc hits you with a +2 dagger of draining.
You die...

#.# #.. #.#
#.#
#######.#
........#
#######o#
#o#
.########@#
..?.....o.#
###########


You could see an orc wizard (magic disrupted) and 2 orcs.

Vanquished Creatures
  An orc wizard (D:4)
  An adder (D:2)
  A dart slug (D:1)
  A ball python (D:1)
  A bat (D:2)
  2 giant cockroaches (D:1)
  2 frilled lizards
  6 kobolds
  5 rats (D:1)
20 creatures vanquished.

Notes
Turn   | Place    | Note
-------+----------+-------------------------------------------
     0 | D:1      | Ajdolov the Vine Stalker Fighter began the quest for the
                  | Orb.
     0 | D:1      | Reached XP level 1. HP: 11/11 MP: 2/2
   239 | D:1      | Found a faded altar of an unknown god.
   300 | D:1      | Reached XP level 2. HP: 14/16 MP: 3/3
   855 | D:2      | Reached XP level 3. HP: 15/20 MP: 4/4
  1016 | D:2      | You fall into a shaft and drop 2 floors!
  1061 | D:4      | Slain by an orc

Illustrated notes

Levels and vault maps discovered:
D:1:      zelgadis_glass_arrival_small, layout_loops_ring,
          shapermc_ecumenical_altar_totnotflames
D:2:      layout_loops_cross, serial_shops, shop, guppyfry_early_orc_mine
D:4:      layout_loops_ring, nicolae_hepliaklqana_hippocampus

Skill      XL: |  1  2 |
---------------+-------+-----
Fighting       | 3 |  3.2
Unarmed Combat | 3 |  3.3
Armour         | |  2.4
Shields        | |  2.6

Action                   || total
-------------------------++-------
Melee: Unarmed           ||    85
       Bite              ||    18
  Use: Potion            ||     3
Armor: Scale mail        ||    35
Dodge: Dodged            ||    27
Block: Buckler           ||    13

Table legend: (Time is in decaauts)
 A = Elapsed time spent in this place.
 B = Non-inter-level travel time spent in this place.
 C = Inter-level travel time spent in this place.
 D = Time resting spent in this place.
 E = Time spent auto-exploring this place.
 F = Levels seen in this place.
 G = Mean time per level.
                   A        B        C        D        E       F      G
               +--------+--------+--------+--------+--------+-----+--------+
         Total |   1059 |   1042 |     17 |      5 |    870 |   3 |  353.0 |
       Dungeon |   1059 |   1042 |     17 |      5 |    870 |   3 |  353.0 |
               +--------+--------+--------+--------+--------+-----+--------+

Top non-repeatable levels by time:
     D:1: 807 daAuts
     D:2: 207 daAuts
     D:4: 44 daAuts
